 Dungeon Crawl Stone Soup version 0.18-a0-917-g8a3da5b (webtiles) character file.

113 JokEr the Skirmisher (level 4, -1/78 HPs)
             Began as an Ogre Fighter on Dec 26, 2015.
             Slain by a gnoll
             ... wielding a +0 spear
              (4 damage)
             ... on level 3 of the Dungeon.
             The game lasted 00:06:16 (3561 turns).

JokEr the Skirmisher (Ogre Fighter)                 Turns: 3561, Time: 00:06:16

Health: -1/78      AC: 22    Str: 22    XL:     4   Next: 96%
Magic:  4/4        EV:  1    Int: 12    God:
Gold:   119        SH:  7    Dex:  9    Spells: 0 memorised, 3 levels left

rFire  . . .     SeeInvis .     e - +0 mace
rCold  . . .     Gourm    .     (armour currently unavailable)
rNeg   + + +     Faith    .     c - +0 shield
rPois  +         Spirit   .     (helmet currently unavailable)
rElec  .         Dismiss  .     (cloak currently unavailable)
rCorr  .         Reflect  .     (gloves unavailable)
SustAt .         Harm     .     (boots unavailable)
MR     .....     NoTele   +     (no amulet)
Stlth  +.........               (no ring)
                                (no ring)

@: brilliant, tree-form, heavily drained, not resistant to hostile enchantments,
very unstealthy
A: unfitting armour, (tough skin 0)
a: no special abilities


You were on level 3 of the Dungeon.
You were not hungry.
You were a tree.
You visited 1 branch of the dungeon, and saw 3 of its levels.

You collected 119 gold pieces.

Inventory:

Hand Weapons
 e - a +0 mace (weapon)
Armour
 b - a +0 robe (melded)
 c - a +0 shield (worn)
Scrolls
 a - a scroll of identify
 h - a scroll of noise
 j - a scroll of remove curse
 k - a scroll of recharging
Potions
 i - a potion of resistance
Comestibles
 d - 3 chunks of flesh
 f - a bread ration
 g - a meat ration
 l - a beef jerky


   Skills:
 + Level 6.2(4.8) Fighting
 + Level 4.2(2.9) Maces & Flails
 - Level 2.6(1.4) Dodging
 + Level 0.5(0.0) Stealth
 - Level 2.6(1.4) Shields


You had 3 spell levels left.
You didn't know any spells.

Dungeon Overview and Level Annotations

Branches:
Dungeon (3/15)

Altars:
Qazlal
Xom


Innate Abilities, Weirdness & Mutations

You are too large for most types of armour.
((You have tough skin (AC +1).))


Message History

You block the gnoll's attack. The gnoll hits you.
* * * LOW HITPOINT WARNING * * *
The gnoll hits you but does no damage. The gnoll hits you.
* * * LOW HITPOINT WARNING * * *
You block the gnoll's attack. The gnoll hits you but does no damage.
You closely miss the gnoll.
The gnoll is lightly wounded.
The gnoll hits you but does no damage. You block the gnoll's attack.
You block the gnoll's attack.
The gnoll hits you but does no damage. x2
The gnoll hits you but does no damage. x2
You block the gnoll's attack. The gnoll hits you but does no damage.
The gnoll hits you but does no damage. x2
You block the gnoll's attack.
The gnoll hits you from afar with a spear.
* * * LOW HITPOINT WARNING * * *
The gnoll hits you but does no damage. You block the gnoll's attack.
The gnoll hits you but does no damage.
The gnoll hits you from afar with a spear.
You die...

.##. .... ...#
.#.# ## ##.#.# ..
#..#g# .# #
#.##.# .#
#.##.##g# .#
#....♣gg# .#
##########.####
.## #..<).# #.#
..## #.###.# #.#
.#.###.###.# #)#
.........#.####.#
##.###.#.......)#
..## #.###.######
### #.....#


You could see 2 gnolls and a hobgoblin.

Vanquished Creatures
  Robin (D:3)
  An adder (D:2)
  2 gnolls (D:3)
  3 oozes
  A worm (D:2)
  2 giant geckos (D:1)
  A ball python (D:2)
  3 bats (D:1)
  5 giant cockroaches
  6 hobgoblins
  4 jackals (D:2)
  4 kobolds
  A giant newt (D:1)
  12 goblins
  6 rats
52 creatures vanquished.

Notes
Turn   | Place    | Note
--------------------------------------------------------------
     0 | D:1      | JokEr the Ogre Fighter began the quest for the Orb.
     0 | D:1      | Reached XP level 1. HP: 24/24 MP: 1/1
    55 | D:1      | Reached XP level 2. HP: 20/33 MP: 2/2
   715 | D:1      | Reached skill level 5 in Fighting
   758 | D:1      | Reached XP level 3. HP: 33/42 MP: 3/3
  2331 | D:2      | Reached XP level 4. HP: 35/50 MP: 4/4
  2622 | D:2      | Found a stormy altar of Qazlal.
  2773 | D:2      | Found a shimmering altar of Xom.
  3072 | D:3      | Noticed Robin
  3084 | D:3      | Killed Robin
  3536 | D:3      | Reached skill level 6 in Fighting
  3551 | D:3      | HP: 3/78 [gnoll (5)]
  3559 | D:3      | HP: 2/78 [gnoll/spear (1)]
  3561 | D:3      | Slain by a gnoll

Vault maps used:
D:1:      erik_arrival_gehennom
D:2:      lemuel_doored_altar, nicolae_overflow_hidden_temple, first_bread
D:3:      uniq_robin, uniq_terence

Action                   |  1- 3 |  4- 6 || total
-------------------------+-------+-------++-------
Melee: Mace              |   116 |    88 ||   204
       Flail             |     4 |       ||     4
  Use: Scroll            |     2 |     3 ||     5
       Potion            |       |     3 ||     3
 Stab: Sleeping          |     1 |       ||     1
  Eat: Chunk             |     4 |     1 ||     5
       Bread ration      |       |     1 ||     1
